 Dungeon Crawl Stone Soup version 0.31-a0-486-g8d68a81214 (webtiles) character file.

Game seed: 10746978877907323766

786 HallandMoats the Contemplative (level 7, -2/59 HPs)
             Began as a Demonspawn Monk on Aug 7, 2023.
             Was a Priest of Cheibriados.
             Succumbed to a kobold brigand's curare-tipped dart
             ... on level 4 of the Dungeon.
             The game lasted 00:04:28 (3673 turns).

HallandMoats the Contemplative (Demonspawn Monk)    Turns: 3673, Time: 00:04:28

Health: -2/59      AC: 11    Str: 17    XL:     7   Next: 56%
Magic:  21/21      EV:  6    Int: 19    God:    Cheibriados [***...]
Gold:   176        SH:  0    Dex: 28    Spells: 6/6 levels left

rFire   . . .        a - +7 hand axe of the Black Skies {flame, rC+ rCorr MP+9 Str-4}
rCold   + + .        d - orb {light}
rNeg    . . .        g - +0 plate armour
rPois   .            (no helmet)
rElec   .            (no cloak)
rCorr   +            (no gloves)
SInv    .            o - +0 pair of boots
Will    .....        (no amulet) Stlth
                     (no ring)
HPRegen 0.29/turn    (no ring)
MPRegen 0.17/turn

%: no passive effects
@: brilliant, lethally poisoned (-2 -> -23), hasted and slowed, glowing, very
slow
A: claws 2, thin skeletal structure 2, foul stench 1, demonic magic 1, cold
resistance 1
a: Renounce Religion, Bend Time, Temporal Distortion


You were on level 4 of the Dungeon.
You worshipped Cheibriados.
Cheibriados was most pleased with you.
You visited 1 branch of the dungeon, and saw 4 of its levels.
You also visited: Sewer.

You collected 176 gold pieces.

Inventory:

Hand Weapons
 a - the +7 hand axe of the Black Skies (weapon) {flame, rC+ rCorr MP+9 Str-4}
   (You found it on level 2 of the Dungeon)

   Str:       It affects your strength (-4).
   rC:        It protects you from cold.
   MP:        It affects your magic capacity (+9).
   rCorr:     It protects you from acid and corrosion.
Armour
 d - an orb of light (worn)
 g - a +0 plate armour (worn)
 j - a +0 pair of gloves
 o - a +0 pair of boots (worn)
Jewellery
 m - a ring of fire
 r - a ring of flight
 A - a ring of resist corrosion
 B - a ring of magical power
Scrolls
 b - 4 scrolls of teleportation {unknown}
 e - a scroll of torment {unknown}
 h - 2 scrolls of noise {unknown}
 i - a scroll of silence {unknown}
 k - a scroll of enchant armour {unknown}
 n - 2 scrolls of fear {unknown}
 q - a scroll of immolation {unknown}
 s - a scroll of poison {unknown}
 t - a scroll of fog {unknown}
 x - 2 scrolls of identify {unknown}
 y - a scroll of vulnerability {unknown}
Potions
 c - 2 potions of ambrosia
 f - 4 potions of haste
 l - 2 potions of mutation
 u - a potion of heal wounds {unknown}
 v - a potion of might {unknown}
 w - a potion of magic
 z - a potion of invisibility {unknown}


   Skills:
 + Level 6.7 Fighting
 - Level 2.6 Axes
 - Level 2.6 Dodging
 + Level 7.7 Invocations


You had 6 spell levels left.
You didn't know any spells.
Your spell library contained the following spells:

 Spells                   Type           Power      Damage    Failure   Level
 Freeze                   Ice            0%         1d3       100%        1
 Sublimation of Blood     Necr           0%         N/A       100%        2
 Frozen Ramparts          Ice            0%         1d1       100%        3
 Hailstorm                Conj/Ice       0%         3d3       100%        3
 Petrify                  Tmut/Erth      0%         N/A       100%        4
 Irradiate                Conj/Tmut      0%         3d11      100%        5


Dungeon Overview and Level Annotations

Branches:
Dungeon (4/15)              Sewer (visited)
 Temple: D:4-7

Altars:
Cheibriados

Shops:
D:4 [


Innate Abilities, Weirdness & Mutations

You have very sharp fingernails.
You have a moderately thin skeletal structure. (Dex +4, Stealth++)
You may rarely emit foul miasma when damaged in melee.
Spells you cast may paralyse adjacent enemies.
Your flesh is cold resistant. (rC+)


Message History

Found a faintly glowing robe.
You feel very sick.
The kobold brigand throws a curare-tipped dart.
The curare-tipped dart hits you.
You are more poisoned.
You have difficulty breathing.
You feel as though you will be slow longer.
The kobold brigand throws a curare-tipped dart.
The curare-tipped dart hits you.
You are more poisoned.
You have difficulty breathing.
You feel as though you will be slow longer.
There is an open door here.
You feel extremely sick.
The kobold brigand throws a curare-tipped dart.
The curare-tipped dart hits you.
You are lethally poisoned!
You have difficulty breathing.
You feel as though you will be slow longer.
Unknown command.
It was a potion of haste.
You feel yourself speed up.
Cheibriados forgives your accidental hurry, just this once.
* * * LOW HITPOINT WARNING * * *
You feel extremely sick.
The kobold brigand hits you with a +0 short sword.
* * * LOW HITPOINT WARNING * * *
Unknown command.
It was a potion of mutation.
You feel extremely strange.
You feel resistant to cold.
* * * LOW HITPOINT WARNING * * *
You feel very sick.
The kobold brigand hits you but does no damage.
It was a potion of magic.
Magic courses through your body.
* * * LOW HITPOINT WARNING * * *
You feel very sick.
The kobold brigand hits you with a +0 short sword.
* * * LOW HITPOINT WARNING * * *
It was a potion of brilliance.
You feel clever all of a sudden.
You die...

.......######.#.####.#......##.#
.....................#..#...##.#
..............#.........+...##.#
#......######.###########...##.#
#......'.........[...........#
#......######)################
.<.....................
###............#########
...............'@K..[...
###............##.....##
############## .....# .....+
.....# .....# .....# .....#


You could see a kobold brigand.

Vanquished Creatures
  Grinder (D:3)
  Eustachio (D:4)
  A jelly (Sewer)
  3 orc priests
  3 iguanas (D:4)
  Natasha (thrice) (D:4)
  A mummy (D:4)
  6 adders
  2 river rats (Sewer)
  An ufetubus (D:4)
  4 worms
  A dart slug (D:4)
  4 orcs
  6 bats
  12 endoplasms
  6 giant cockroaches
  A goblin (D:3)
  4 hobgoblins
  4 jackals (D:1)
  A quokka (D:3)
  3 ball pythons
  7 frilled lizards
  9 kobolds
  A rat (D:3)
85 creatures vanquished.

Notes
Turn   | Place    | Note
-------+----------+-------------------------------------------
     0 | D:1      | HallandMoats the Demonspawn Monk began the quest for the
                  | Orb.
     0 | D:1      | Reached XP level 1. HP: 18/18 MP: 1/1
   138 | D:1      | Reached skill level 1 in Invocations
   149 | D:1      | Gained mutation: You have a somewhat thin skeletal
                  | structure. (Dex +2, Stealth+) [demonic ancestry]
   149 | D:1      | Reached XP level 2. HP: 24/24 MP: 1/3
   359 | D:1      | Reached skill level 2 in Invocations
   958 | D:2      | Identified the +7 hand axe of the Black Skies {flame, rC+
                  | rCorr MP+9 Str-4}
  1198 | D:2      | Identified the +8 hand axe "Pyfferuz" {speed, Dex+4}
  1536 | D:2      | Gained mutation: You have sharp fingernails. [demonic
                  | ancestry]
  1536 | D:2      | Reached XP level 3. HP: 30/30 MP: 4/4
  1566 | D:3      | Reached skill level 3 in Invocations
  1571 | D:2      | Gained mutation: You have very sharp fingernails. [demonic
                  | ancestry]
  1571 | D:2      | Reached XP level 4. HP: 17/37 MP: 6/6
  1967 | D:3      | Reached skill level 4 in Invocations
  2147 | D:3      | Noticed Grinder
  2184 | D:3      | Killed Grinder
  2185 | D:3      | Reached skill level 5 in Fighting
  2185 | D:3      | Reached skill level 5 in Invocations
  2185 | D:3      | Gained mutation: Spells you cast may paralyse adjacent
                  | enemies. [demonic ancestry]
  2185 | D:3      | Reached XP level 5. HP: 27/44 MP: 9/9
  2185 | D:3      | Gained mutation: You may rarely emit foul miasma when
                  | damaged in melee. [demonic ancestry]
  2185 | D:3      | Reached XP level 6. HP: 31/51 MP: 10/10
  2505 | D:4      | Found a snail-covered altar of Cheibriados.
  2526 | D:4      | Became a worshipper of Cheibriados the Contemplative
  2526 | D:4      | Reached * piety under Cheibriados
  2526 | D:4      | Reached ** piety under Cheibriados
  2582 | D:4      | Found a glowing drain.
  2587 | D:4      | Noticed Eustachio
  2596 | D:4      | Reached skill level 6 in Invocations
  2600 | Sewer    | Entered a sewer
  2860 | Sewer    | Reached *** piety under Cheibriados
  2984 | Sewer    | Found a viscous altar of Jiyva.
  3108 | D:4      | Killed Eustachio
  3109 | D:4      | Reached skill level 7 in Invocations
  3109 | D:4      | Gained mutation: You have a moderately thin skeletal
                  | structure. (Dex +4, Stealth++) [demonic ancestry]
  3109 | D:4      | Reached XP level 7. HP: 43/59 MP: 12/12
  3172 | D:4      | Found Domarhe's Armour Shoppe.
  3311 | D:4      | Noticed Natasha
  3319 | D:4      | Killed Natasha
  3444 | D:4      | Noticed Natasha
  3452 | D:4      | Killed Natasha
  3464 | D:4      | Noticed Natasha
  3471 | D:4      | Killed Natasha
  3671 | D:4      | Gained mutation: Your flesh is cold resistant. (rC+)
                  | [potion of mutation]
  3672 | D:4      | HP: 2/59 [kobold brigand/+0 short sword (1)]
  3673 | D:4      | Succumbed to a kobold brigand's curare-tipped dart

Illustrated notes

Levels and vault maps discovered:
D:1:      minmay_arrival_stair_chambers, layout_loops_ring
D:2:      layout_loops_ring, hangedman_decor_riveting
D:3:      layout_basic, uniq_grinder
D:4:      layout_basic, slow_altar_2, serial_shops, shop,
          cheibrodos_sewer_entry_sluice, uniq_natasha, uniq_eustachio

Skill      XL: |  1  2  3  4  5  6 |
---------------+-------------------+-----
Invocations    | 1 2 3 5 7 |  7.7
Fighting       | 4 5 6 |  6.7
Axes           | |  2.6
Dodging        | |  2.6

Action                     |  1- 3 |  4- 6 |  7- 9 || total
---------------------------+-------+-------+-------++-------
  Melee: Hand axe          |    50 |   101 |    24 ||   175
    Use: Potion            |       |       |     4 ||     4
 Armour: Plate armour      |    43 |   101 |    21 ||   165
  Dodge: Dodged            |     6 |    37 |     6 ||    49

Table legend: (Time is in decaauts)
 A = Elapsed time spent in this place.
 B = Non-inter-level travel time spent in this place.
 C = Inter-level travel time spent in this place.
 D = Time resting spent in this place.
 E = Time spent auto-exploring this place.
 F = Levels seen in this place.
 G = Mean time per level.
                   A        B        C        D        E       F      G
               +--------+--------+--------+--------+--------+-----+--------+
         Total |   4069 |   3957 |    112 |    522 |   2672 |   5 |  813.8 |
       Dungeon |   3477 |   3365 |    112 |    302 |   2475 |   4 |  869.2 |
         Sewer |    591 |    591 |      0 |    220 |    197 |   1 |  591.0 |
               +--------+--------+--------+--------+--------+-----+--------+

Top non-repeatable levels by time:
     D:4: 969 daAuts
     D:3: 858 daAuts
     D:1: 841 daAuts
     D:2: 808 daAuts
   Sewer: 591 daAuts
